 Dungeon Crawl Stone Soup version 0.17.0-18-gaab0e96 (webtiles) character file.

156 MDvedh the Cudgeler (level 5, -2/27 HPs)
             Began as a Vine Stalker Berserker on Nov 11, 2015.
             Was a Believer of Trog.
             Killed from afar by an orc (11 damage)
             ... with a wand of fire
             ... on level 3 of the Dungeon.
             The game lasted 00:05:11 (1575 turns).

MDvedh the Cudgeler (Vine Stalker Berserker)        Turns: 1575, Time: 00:05:11

Health: -2/27      AC: 11    Str: 20    XL:     5   Next: 37%
Magic:  0/6        EV:  8    Int:  7    God:    Trog [**....]
Gold:   121        SH:  0    Dex: 14    Spells: 0 memorised, 4 levels left

rFire  . . .     SeeInvis .     r - +1 flail
rCold  . . .     Clarity  .     s - +0 chain mail
rNeg   . . .     SustAt   .     (no shield)
rPois  .         Gourm    .     i - +0 helmet
rElec  .         Spirit   +     o - +1 cloak {MR+}
rCorr  .         Warding  .     (no gloves)
rMut   .         Stasis   .     (no boots)
MR     +....                    (no amulet)
Stlth  ..........               (no ring)
                                (no ring)

@: somewhat resistant to hostile enchantments, extremely unstealthy
A: fangs 2, regeneration 1, magic shield, antimagic bite, no device heal 3, rot
immunity
a: Berserk, Trog's Hand, Burn Spellbooks, Renounce Religion


You were on level 3 of the Dungeon.
You worshipped Trog.
Trog was pleased with you.
You were not hungry.

You visited 1 branch of the dungeon, and saw 3 of its levels.

You collected 121 gold pieces.

Inventory:

Hand Weapons
 r - a +1 flail (weapon)
Armour
 i - a +0 helmet (worn)
 o - a +1 cloak of magic resistance (worn)
 s - a +0 chain mail (worn)
Potions
 b - 3 potions of lignification {unknown}
 g - 2 potions of ambrosia {unknown}
 h - 3 potions of flight {unknown}
 m - 2 potions of curing {unknown}
 p - a potion of haste {unknown}
Comestibles
 a - 3 chunks of flesh
 c - a bread ration


   Skills:
 - Level 2.6 Fighting
 + Level 5.3 Maces & Flails
 - Level 1.5 Armour
 - Level 1.5 Dodging


You had 4 spell levels left.
You didn't know any spells.

Dungeon Overview and Level Annotations

Branches:
Dungeon (3/15)

Altars:
Nemelex Xobeh


Innate Abilities, Weirdness & Mutations

You have extremely sharp teeth.
Your natural rate of healing is unusually fast.
When hurt, damage is shared between your health and your magic reserves.
Your bite disrupts and absorbs the magic of your enemies.
Potions and wands cannot restore your health.
You are immune to rotting.


Message History

An orc is nearby!
An orc is nearby!
An orc is nearby!
An orc is nearby!
The orc throws a tomahawk.
The tomahawk hits you but does no damage.
You see here a tomahawk.
The orc throws a tomahawk.
The tomahawk hits you but does no damage.
You see here a tomahawk.
An orc comes into view. It is wielding a trident.
The orc throws a tomahawk.
The tomahawk barely misses you.
The orc zaps a wand.
The bolt of fire hits you!
It is a wand of fire.
You see here a tomahawk.
The orc zaps a wand.
The bolt of fire hits the orc.
The orc dies!
The bolt of fire hits you!
An orc comes into view. It is wielding a mace.
The orc zaps a wand.
The bolt of fire hits you!
You die...

*,,,,,,,* *,*,* **** *,......###
*,*,******** ,,,*******,,.......#
*,*,,,,,,,,,
,,,,,,,,**###......#**,**********
,,,,,,,,+,,.'..o...+,,,,,,,,,,>,,
,,,,,,,,*####......#**********,*,
,,,,,,,,,.......o..# *,*,
**,,,,,,,..........# *,*,
*,,,,,,,,,,,,,#@#** *,*,
*,,,,,,,,,,,,,#.# *,*<
*,,,,,,,,,,,,,#.# *,**
*,,,,,,,,,,,,,#(# *,,,
******..,,,,,,#(# ****
*..,,,,,,#(# #####**#.##****#.#
......**..# #.# ......###.## #.#


You could see 2 orcs.

Vanquished Creatures
  Crazy Yiuf (D:2)
  An orc priest (D:3)
  Jessica (D:2)
  Robin (D:3)
  2 worms (D:2)
  8 orcs (D:3)
  A giant cockroach (D:3)
  12 goblins
  6 hobgoblins
  2 jackals (D:3)
  4 bats
  3 giant newts
  2 kobolds (D:1)
  5 rats
49 creatures vanquished.

Vanquished Creatures (others)
  An orc (D:3)
1 creature vanquished.

Grand Total: 50 creatures vanquished

Notes
Turn   | Place    | Note
--------------------------------------------------------------
     0 | D:1      | MDvedh the Vine Stalker Berserker began the quest for the Orb.
     0 | D:1      | Reached XP level 1. HP: 11/11 MP: 2/2
    13 | D:1      | Found a sparkling altar of Nemelex Xobeh.
   319 | D:1      | Reached skill level 3 in Maces & Flails
   566 | D:2      | Noticed Jessica
   609 | D:2      | Reached XP level 2. HP: 16/16 MP: 1/3
   720 | D:2      | Killed Jessica
   720 | D:2      | Reached skill level 4 in Maces & Flails
   720 | D:2      | Reached XP level 3. HP: 19/19 MP: 4/4
   865 | D:2      | Reached ** piety under Trog
  1048 | D:2      | Noticed Crazy Yiuf
  1053 | D:2      | Killed Crazy Yiuf
  1053 | D:2      | Reached XP level 4. HP: 23/23 MP: 5/5
  1172 | D:3      | Found a faded altar to an unknown god.
  1336 | D:3      | Reached skill level 5 in Maces & Flails
  1336 | D:3      | Reached XP level 5. HP: 27/27 MP: 6/6
  1397 | D:3      | Noticed Robin
  1422 | D:3      | Killed Robin
  1575 | D:3      | Killed from afar by an orc

Action                   |  1- 3 |  4- 6 || total
-------------------------+-------+-------++-------
Melee: Mace              |    65 |    32 ||    97
       Flail             |       |    33 ||    33
Invok: Berserk           |     1 |     2 ||     3
  Use: Scroll            |       |     7 ||     7
  Eat: Chunk             |       |     5 ||     5
